 Dungeon Crawl Stone Soup version 0.28.0 (webtiles) character file.

Game seed: 6622067719433246164

4884 danielguo94 the Basher (level 10, -1/61 HPs)
             Began as a Gargoyle Fighter on Feb 6, 2022.
             Was an Initiate of the Shining One.
             Slain by a wolf (2 damage)
             ... led by Grum
             ... on level 7 of the Dungeon.
             The game lasted 00:13:02 (10087 turns).

danielguo94 the Basher (Gargoyle Fighter)          Turns: 10087, Time: 00:13:03

Health: -1/61      AC: 16    Str: 21    XL:     10   Next: 50%
Magic:  10/10      EV: 12    Int: 10    God:    the Shining One [......]
Gold:   406        SH:  5    Dex: 11    Spells: 9/9 levels left

rFire   + . .      SeeInvis .   a - +0 flail
rCold   . . .      Faith    .   c - +0 buckler
rNeg    + . .      Spirit   .   z - +3 leather armour {rF+}
rPois   ∞          Reflect  .   t - +0 helmet
rElec   +          Harm     .   (no cloak)
rCorr   .          Rampage  .   u - +0 pair of gloves
Will    .....                   (no boots)
Stlth   +.........              (no amulet)
HPRegen 0.20/turn               (no ring)
MPRegen 0.12/turn               (no ring)

@: glowing
A: sickness immunity, AC +7, negative energy resistance 1, electricity
resistance, torment resistance 1, petrification resistance
a: Renounce Religion


You were on level 7 of the Dungeon.
You worshipped the Shining One.
The Shining One was noncommittal.
You visited 2 branches of the dungeon, and saw 9 of its levels.

You collected 406 gold pieces.

Inventory:

Hand Weapons
 a - a +0 flail (weapon)
Missiles
 f - 11 atropa-tipped darts (quivered)
 g - 259 stones
 i - 18 poisoned darts
 j - 3 javelins
 v - a boomerang
 y - 6 throwing nets
 D - 5 silver javelins
Armour
 c - a +0 buckler (worn)
 t - a +0 helmet (worn)
 u - a +0 pair of gloves (worn)
 z - a +3 leather armour of fire resistance (worn)
Jewellery
 l - a ring of ice
 C - an amulet of reflection
Scrolls
 k - a scroll of blinking
 o - a scroll of enchant armour {unknown}
 p - 3 scrolls of enchant weapon
 r - 2 scrolls of immolation {unknown}
 s - a scroll of noise {unknown}
 w - a scroll of magic mapping {unknown}
 x - a scroll of teleportation {unknown}
 A - a scroll of acquirement {unknown}
 B - a scroll of brand weapon {unknown}
Potions
 b - a potion of flight {unknown}
 d - a potion of curing
 e - 2 potions of invisibility
 h - a potion of haste
 m - a potion of resistance
 n - a potion of heal wounds
 q - a potion of mutation {unknown}


   Skills:
 + Level 6.7 Fighting
 * Level 12.0 Maces & Flails
 + Level 6.5 Armour
 + Level 3.4 Dodging
 + Level 5.3 Shields


You had 9 spell levels left.
You didn't know any spells.
Your spell library contained the following spells:

 Spells                   Type           Power      Damage    Failure   Level
 Foxfire                  Conj/Fire      0%         2x1d4     50%         1
 Shock                    Conj/Air       0%         1d3       50%         1
 Slow                     Hex            0%         N/A       50%         1
 Ensorcelled Hibernation  Hex/Ice        0%         N/A       63%         2
 Passwall                 Tmut/Erth      0%         N/A       63%         2
 Confusing Touch          Hex            0%         N/A       86%         3
 Conjure Flame            Conj/Fire      0%         6-21      86%         3
 Inner Flame              Hex/Fire       0%         N/A       86%         3
 Swiftness                Air            0%         N/A       86%         3
 Vampiric Draining        Necr           0%         2d6       86%         3
 Airstrike                Air            0%         N/A       99%         4
 Animate Armour           Summ/Erth      0%         N/A       99%         4
 Flame Wave               Conj/Fire      0%         2d4       99%         4
 Petrify                  Tmut/Erth      0%         N/A       99%         4
 Blade Hands              Tmut           0%         N/A       100%        5
 Fireball                 Conj/Fire      0%         3d3       100%        5
 Irradiate                Conj/Tmut      0%         3d13      100%        5
 Iskenderun's Battlesphe  Conj           0%         2d6       100%        5
 Conjure Ball Lightning   Conj/Air       0%         3x3d6     100%        6
 Iron Shot                Conj/Erth      0%         9d1       100%        6
 Orb of Destruction       Conj           0%         9d5       100%        7
 Sublimation of Blood     Necr           Unusable   N/A       N/A         2

Dungeon Overview and Level Annotations

Branches:
Dungeon (8/15)             Temple (1/1) D:6
   Lair: D:8-11

Altars:
Ashenzari
Cheibriados
Dithmenos
Elyvilon
Fedhas
Hepliaklqana
Kikubaaqudgha
Nemelex Xobeh
Okawaru
Qazlal
Ru
Sif Muna
Vehumet
Wu Jian
Xom
Yredelemnul
Zin
The Shining One

Shops:
D:1 ?[=:   D:4 [

Annotations:
D:8 Grum


Innate Abilities, Weirdness & Mutations

You are immune to sickness and miasma.
Your stone body is resilient. (AC +7)
You are immune to poison.
You resist negative energy. (rN+)
You are resistant to electric shocks. (rElec)
You are resistant to unholy torment.
You are immune to petrification.


Message History

You are too injured to fight recklessly!
You are too injured to fight recklessly!
You are too injured to fight recklessly!
You are too injured to fight recklessly!
You are too injured to fight recklessly!
You are too injured to fight recklessly!
You are too injured to fight recklessly!
You are too injured to fight recklessly!
You are too injured to fight recklessly!
You are too injured to fight recklessly!
You are too injured to fight recklessly!
You are too injured to fight recklessly!
You are too injured to fight recklessly!
You are too injured to fight recklessly!
You are too injured to fight recklessly!
You are too injured to fight recklessly!
You are too injured to fight recklessly!
You are too injured to fight recklessly!
You hit Joseph.
Joseph is heavily wounded.
The wolf barely misses you. Joseph hits you with a +4 quarterstaff.
You hit Joseph but do no damage.
Joseph is heavily wounded.
The wolf barely misses you. Joseph hits you with a +4 quarterstaff!
* * * LOW HITPOINT WARNING * * *
The wolf bites you but does no damage.
You sock Joseph!
Joseph is severely wounded.
The wolf bites you!
* * * LOW HITPOINT WARNING * * *
Joseph hits you but does no damage. The wolf bites you.
* * * LOW HITPOINT WARNING * * *
You hit Joseph but do no damage.
Joseph is severely wounded.
The wolf bites you but does no damage. Joseph hits you with a +4 quarterstaff!
The Shining One protects you from harm!
You sock Joseph!
You kill Joseph!
The wolf bites you.
You die...

......(...#.......# #..
..........#'##...## #..
######.......##### ###
.....#.......# .....#.......#
.....'.......#
...###.......####################
...###########.h.#...............
..)#......>.#..)@................
...#........'......#.............
...#........#......#.............
##'####'######.#####............)
...........###)##..##############
...........#........#............
...........#........#............
...........#........#............
...........#........#............


You could see a wolf.

Vanquished Creatures
  The ghost of iwittbrodt the Slinger, a novice GnWn of Okawaru (D:6)
  A centaur zombie (D:7)
  Joseph (D:7)
  A hornet (D:7)
  Eustachio (D:6)
  3 steam dragons
  Edmund (D:4)
  2 sky beasts (D:5)
  5 orc warriors
  2 ice beasts
  2 necrophages
  8 ogres
  A bullfrog (D:7)
  A scorpion (D:5)
  A wyvern skeleton (D:6)
  A water moccasin skeleton (D:5)
  5 killer bees (D:5)
  4 hounds
  3 orc priests
  4 gnoll shamans (D:7)
  2 centaur skeletons
  5 orc wizards
  4 iguanas
  Robin (D:2)
  2 howler monkey zombies (D:6)
  21 gnolls
  13 adders
  A howler monkey skeleton (D:4)
  3 adder skeletons
  A dart slug (D:4)
  26 orcs
  4 ball pythons
  4 bats
  An endoplasm (D:2)
  7 giant cockroaches
  22 goblins
  7 hobgoblins
  2 jackals (D:1)
  4 kobolds
  4 quokkas
  4 frilled lizards
  8 rats
194 creatures vanquished.

Vanquished Creatures (others)
  An orc (D:7)
  6 fungi (D:7)
  10 plants (D:7)
17 creatures vanquished.

Grand Total: 211 creatures vanquished

Notes
Turn   | Place    | Note
-------+----------+-------------------------------------------
     0 | D:1      | danielguo94 the Gargoyle Fighter began the quest for the
                  | Orb.
     0 | D:1      | Reached XP level 1. HP: 14/14 MP: 1/1
     6 | D:1      | Noticed a swamp drake
     6 | D:1      | Noticed a salamander
     6 | D:1      | Noticed a wolf
     7 | D:1      | Noticed a black bear
    36 | D:1      | Found Ditse's Magic Scroll Boutique.
   114 | D:1      | Reached XP level 2. HP: 18/19 MP: 2/2
   217 | D:1      | Found Kehefam's Jewellery Shoppe.
   269 | D:1      | Found Qywaf's Armour Emporium.
   443 | D:1      | Found Esumesto's Book Boutique.
   678 | D:2      | Reached XP level 3. HP: 19/24 MP: 3/3
   838 | D:2      | Noticed Robin
   848 | D:2      | Reached skill level 3 in Maces & Flails
   859 | D:2      | Reached XP level 4. HP: 12/29 MP: 4/4
   871 | D:2      | Killed Robin
  1225 | D:2      | Reached skill level 4 in Maces & Flails
  1225 | D:2      | Reached XP level 5. HP: 23/33 MP: 5/5
  2322 | D:3      | You fall into a shaft and drop 1 floor!
  2322 | D:4      | Noticed Edmund
  2330 | D:4      | Killed Edmund
  2331 | D:4      | Reached skill level 5 in Maces & Flails
  2331 | D:4      | Reached XP level 6. HP: 24/38 MP: 6/6
  2369 | D:4      | Reached skill level 1 in Dodging
  2527 | D:4      | Identified the +7 dagger "Ynkemm" {venom, Str+2}
  2670 | D:4      | Noticed an orc warrior
  2828 | D:4      | Found Faixkux's Armour Emporium.
  3292 | D:5      | Entered Level 5 of the Dungeon
  3324 | D:5      | Reached XP level 7. HP: 24/43 MP: 7/7
  3700 | D:5      | Reached skill level 6 in Maces & Flails
  3997 | D:5      | Reached skill level 5 in Armour
  4006 | D:5      | Reached skill level 7 in Maces & Flails
  4199 | D:4      | Reached XP level 8. HP: 26/48 MP: 8/8
  5088 | D:4      | Reached skill level 8 in Maces & Flails
  5870 | D:6      | Reached skill level 5 in Fighting
  5936 | D:6      | Noticed Eustachio
  6031 | D:6      | Killed Eustachio
  6455 | D:6      | Reached XP level 9. HP: 54/54 MP: 9/9
  6463 | D:6      | Found a runed translucent gate.
  6464 | D:6      | Found a runed translucent gate.
  6464 | D:6      | Found a runed translucent gate.
  6466 | D:6      | Noticed iwittbrodt's ghost (novice GnWn)
  6664 | D:6      | Reached skill level 9 in Maces & Flails
  7031 | D:6      | Found a staircase to the Ecumenical Temple.
  7459 | D:6      | Killed iwittbrodt's ghost
  7460 | D:6      | Reached skill level 10 in Maces & Flails
  7460 | D:6      | Reached skill level 5 in Shields
  7531 | D:7      | Noticed a hornet
  7541 | D:7      | Killed a hornet
  7778 | D:7      | Reached XP level 10. HP: 47/60 MP: 10/10
  7864 | D:7      | Reached skill level 11 in Maces & Flails
  8375 | Temple   | Entered the Ecumenical Temple
  8551 | Temple   | Became a worshipper of the Shining One
  9598 | D:7      | Reached skill level 12 in Maces & Flails
  9806 | D:8      | Noticed Grum
  9806 | D:8      | Noticed Joseph
 10085 | D:7      | HP: 1/61 [wolf[Grum] (3)]
 10086 | D:7      | The Shining One protects you from harm!
 10087 | D:7      | Killed Joseph
 10087 | D:7      | Slain by a wolf

Illustrated notes

Levels and vault maps discovered:
D:1:      onia_arrival_zoo_common, layout_basic, serial_shops,
          nicolae_shop_stone, nicolae_shop_competitors_out_of_business,
          nicolae_shop_advertising_works [nicolae_subvault_shop_adworks],
          shop_statue
D:2:      layout_loops_ring, uniq_robin
D:3:      layout_rooms
D:4:      layout_layer_cave, serial_shops, shop_fountains, uniq_edmund
D:5:      layout_basic
D:6:      layout_basic, minmay_temple_entry_poolview, ebering_ghost_rock_garden,
          grunt_ministairs_10, minmay_ogre_servants, uniq_eustachio
D:7:      kennysheep_seaside_town, layout_gridville
D:8:      layout_basic, makhleb_altar_promises_db, uniq_grum, uniq_joseph
Temple:   mainiacjoe_temple_starburst

Skill      XL: |  1  2  3  4  5  6  7  8  9 10 |
---------------+-------------------------------+-----
Maces & Flails | 3 4 5 7 8 10 12 | 12.0
Armour         | 4 5 6 |  6.5
Fighting       | 4 5 6 |  6.7
Dodging        | 1 2 3 |  3.4
Shields        | 4 5 |  5.3

Action                   |  1- 3 |  4- 6 |  7- 9 | 10-12 || total
-------------------------+-------+-------+-------+-------++-------
Melee: Flail             |    77 |   209 |   507 |   239 ||  1032
  Use: Scroll            |       |     5 |     2 |       ||     7
       Potion            |       |     3 |     4 |       ||     7
Armor: Scale mail        |    58 |   127 |   163 |       ||   348
       Leather armour    |       |       |    66 |   123 ||   189
Dodge: Dodged            |    44 |   100 |   230 |   105 ||   479
Block: Buckler           |    16 |    44 |    94 |    41 ||   195
